 Dungeon Crawl Stone Soup version 0.23.2-33-g5129a83184 (webtiles) character file.

Game seed: 13723301367823227713

355 troglodite the Charmwright (level 6, -1/51 HPs)
             Began as a Gnoll Skald on July 22, 2019.
             Slain by a wraith (2 damage)
             ... on level 4 of the Dungeon.
             The game lasted 00:11:51 (4902 turns).

troglodite the Charmwright (Gnoll Skald)            Turns: 4902, Time: 00:11:51

Health: -1/51      AC:  8    Str: 13    XL:     6   Next: 63%
Magic:  8/14       EV: 12    Int: 16    God:
Gold:   269        SH:  0    Dex: 18    Spells: 8/15 levels left

rFire    x . .     SeeInvis .   a - +0 spear
rCold    + . .     Gourm    .   (no shield)
rNeg     . . .     Faith    .   n - +0 scale mail
rPois    +         Spirit   .   (no helmet)
rElec    .         Reflect  .   (no cloak)
rCorr    .         Harm     .   (no gloves)
MR       +....                  r - +0 pair of boots
Stlth    +.........             (no amulet)
HPRegen  0.17/turn              m - ring of ice
MPRegen  0.14/turn              u - ring of poison resistance

@: no status effects
A: distributed training, fangs 1, agile 1, magic resistance 1, subdued magic 1,
strong nose
a: no special abilities


You were on level 4 of the Dungeon.
You were near starving.

You visited 1 branch of the dungeon, and saw 5 of its levels.

You collected 269 gold pieces.

Inventory:

Hand Weapons
 a - a +0 spear (weapon)
Armour
 n - a +0 scale mail (worn)
 r - a +0 pair of boots (worn)
Magical Staves
 z - an uncursed staff of conjuration
Jewellery
 m - a ring of ice (left hand)
 u - a ring of poison resistance (right hand)
Wands
 q - a wand of random effects (25)
Scrolls
 c - a scroll of fog {unknown}
 f - 6 scrolls of identify {unknown}
 g - 2 scrolls of random uselessness {unknown}
 k - 3 scrolls of remove curse {unknown}
 l - a scroll of enchant weapon {unknown}
 o - a scroll of enchant armour {unknown}
 p - a scroll of noise {unknown}
 v - 4 scrolls of amnesia {unknown}
 y - a scroll of teleportation {unknown}
Potions
 b - a potion of degeneration {unknown}
 e - 3 potions of curing
 h - a potion of flight
 i - 2 potions of mutation
 j - a potion of lignification
 s - a potion of haste {unknown}
 t - a potion of cancellation
 w - a potion of heal wounds {unknown}
 x - a potion of magic {unknown}
Comestibles
 d - 3 rations


   Skills:
 + Level 5.0 Fighting
 + Level 2.0 Short Blades
 + Level 2.0 Long Blades
 + Level 2.0 Axes
 + Level 2.0 Maces & Flails
 + Level 5.0 Polearms
 + Level 2.0 Staves
 + Level 2.0 Slings
 + Level 2.0 Bows
 + Level 2.0 Crossbows
 + Level 2.0 Throwing
 + Level 3.3 Armour
 + Level 5.0 Dodging
 + Level 2.0 Stealth
 + Level 2.0 Shields
 + Level 2.0 Unarmed Combat
 + Level 5.4 Spellcasting
 + Level 1.6 Conjurations
 + Level 1.6 Hexes
 + Level 5.7 Charms
 + Level 1.6 Summonings
 + Level 1.6 Necromancy
 + Level 1.6 Translocations
 + Level 1.6 Transmutations
 + Level 1.6 Fire Magic
 + Level 1.6 Ice Magic
 + Level 1.6 Air Magic
 + Level 1.6 Earth Magic
 + Level 1.6 Poison Magic
 + Level 2.2 Invocations
 + Level 2.0 Evocations


You had 8 spell levels left.
You knew the following spells:

 Your Spells              Type           Power        Failure   Level  Hunger
a - Infusion              Chrm           ###.         4%          1    None
b - Spectral Weapon       Hex/Chrm       ##......     34%         3    ###....
c - Regeneration          Chrm/Necr      ##........   34%         3    ###....

Your spell library contained the following spells:

 Spells                   Type           Power        Failure   Level  Hunger
 Song of Slaying          Chrm           ###.....     8%          2    #......
 Shroud of Golubria       Chrm/Tloc      ##........   19%         2    #......


Dungeon Overview and Level Annotations

Branches:
Dungeon (5/15)
 Temple: D:4-7

Altars:


Innate Abilities, Weirdness & Mutations

Your experience applies equally to all skills.
You have very sharp teeth.
Your uncanny sense of smell can sniff out nearby items.
You are agile. (Dex +2)
You are resistant to hostile enchantments. (MR+)
Your spells are a little easier to cast, but a little less powerful.


Message History

The wraith hits you.
* * * LOW HITPOINT WARNING * * *
The wraith misses you.
It was a potion of flight.
You feel very buoyant.
You fly up into the air.
The wraith hits you but does no damage.
It was a potion of lignification.
You turn into a tree.
Your +0 pair of boots melds into your body.
Your +0 scale mail melds into your body.
Your roots penetrate the ground.
The wraith hits you but does no damage. x2
It was a potion of cancellation.
Your magical effects are unravelling.
You feel magically purged.
Your magical contamination has completely faded away.
You feel less wooden.
Your +0 pair of boots unmelds from your body.
Your +0 scale mail unmelds from your body.
You feel yourself speed up. The wraith hits you.
You die...

####### #.....#
#.....################
#....@.......)........
#....W#######..###....
#####.########.###....
#............##....
#####............##....
#......................
#................######
#####......#########..#
#.....##'### ##.##


You could see a wraith.

Vanquished Creatures
  Menkaure (D:4)
  An iguana (D:3)
  Jessica (D:2)
  A hound skeleton (D:4)
  10 adders
  2 worms
  2 dart slugs
  3 leopard geckos (D:2)
  An orc (D:3)
  2 giant cockroaches
  8 goblins
  8 hobgoblins
  3 jackals
  6 kobolds
  3 quokkas (D:2)
  A ball python (D:1)
  2 bats
  3 frilled lizards
  A leopard gecko zombie (D:4)
  8 rats
67 creatures vanquished.

Vanquished Creatures (others)
  A spectral weapon (D:5)
1 creature vanquished.

Grand Total: 68 creatures vanquished

Notes
Turn   | Place    | Note
-------+----------+-------------------------------------------
     0 | D:1      | troglodite the Gnoll Skald began the quest for the Orb.
     0 | D:1      | Reached XP level 1. HP: 20/20 MP: 6/6
   121 | D:1      | Reached XP level 2. HP: 19/26 MP: 7/7
   729 | D:2      | Reached skill level 5 in Spellcasting
   729 | D:2      | Reached XP level 3. HP: 11/31 MP: 7/9
   736 | D:2      | Reached skill level 1 in Invocations
  1086 | D:2      | Reached skill level 1 in Short Blades
  1086 | D:2      | Reached skill level 1 in Long Blades
  1086 | D:2      | Reached skill level 1 in Axes
  1086 | D:2      | Reached skill level 1 in Maces & Flails
  1086 | D:2      | Reached skill level 1 in Staves
  1086 | D:2      | Reached skill level 1 in Slings
  1086 | D:2      | Reached skill level 1 in Bows
  1086 | D:2      | Reached skill level 1 in Crossbows
  1086 | D:2      | Reached skill level 1 in Throwing
  1086 | D:2      | Reached skill level 1 in Stealth
  1086 | D:2      | Reached skill level 1 in Shields
  1086 | D:2      | Reached skill level 1 in Unarmed Combat
  1086 | D:2      | Reached skill level 1 in Evocations
  1212 | D:2      | Reached XP level 4. HP: 33/38 MP: 11/11
  1316 | D:2      | Reached skill level 1 in Conjurations
  1316 | D:2      | Reached skill level 1 in Hexes
  1316 | D:2      | Reached skill level 1 in Summonings
  1316 | D:2      | Reached skill level 1 in Necromancy
  1316 | D:2      | Reached skill level 1 in Translocations
  1316 | D:2      | Reached skill level 1 in Transmutations
  1316 | D:2      | Reached skill level 1 in Fire Magic
  1316 | D:2      | Reached skill level 1 in Ice Magic
  1316 | D:2      | Reached skill level 1 in Air Magic
  1316 | D:2      | Reached skill level 1 in Earth Magic
  1316 | D:2      | Reached skill level 1 in Poison Magic
  1689 | D:2      | Learned a level 3 spell: Spectral Weapon
  1693 | D:2      | Learned a level 3 spell: Regeneration
  1736 | D:2      | Noticed Jessica
  1754 | D:2      | Killed Jessica
  1754 | D:2      | Reached XP level 5. HP: 17/43 MP: 12/12
  3292 | D:4      | Noticed Menkaure
  3905 | D:4      | Reached XP level 6. HP: 50/50 MP: 13/13
  4472 | D:4      | Killed Menkaure
  4472 | D:4      | Reached skill level 5 in Fighting
  4472 | D:4      | Reached skill level 5 in Polearms
  4472 | D:4      | Reached skill level 5 in Dodging
  4873 | D:5      | Entered Level 5 of the Dungeon
  4873 | D:5      | Noticed a wraith
  4893 | D:5      | Noticed an ice beast
  4899 | D:4      | Gained mutation: You are agile. (Dex +2) [potion of
                  | mutation]
  4899 | D:4      | Gained mutation: Your spells are a little easier to cast,
                  | but a little less powerful. [potion of mutation]
  4899 | D:4      | Gained mutation: You are resistant to hostile enchantments.
                  | (MR+) [potion of mutation]
  4899 | D:4      | HP: 1/51 [wraith (6)]
  4902 | D:4      | Slain by a wraith

Skill      XL: |  1  2  3  4  5  6 |
---------------+-------------------+-----
Spellcasting   | 5 |  5.4
Invocations    | 1 2 |  2.2
Short Blades   | 1 2 |  2.0
Long Blades    | 1 2 |  2.0
Axes           | 1 2 |  2.0
Maces & Flails | 1 2 |  2.0
Staves         | 1 2 |  2.0
Slings         | 1 2 |  2.0
Bows           | 1 2 |  2.0
Crossbows      | 1 2 |  2.0
Throwing       | 1 2 |  2.0
Stealth        | 1 2 |  2.0
Shields        | 1 2 |  2.0
Unarmed Combat | 1 2 |  2.0
Evocations     | 1 2 |  2.0
Conjurations   | 1 |  1.6
Hexes          | 1 |  1.6
Summonings     | 1 |  1.6
Necromancy     | 1 |  1.6
Translocations | 1 |  1.6
Transmutations | 1 |  1.6
Fire Magic     | 1 |  1.6
Ice Magic      | 1 |  1.6
Air Magic      | 1 |  1.6
Earth Magic    | 1 |  1.6
Poison Magic   | 1 |  1.6
Armour         | 3 |  3.3
Fighting       | 5 |  5.0
Polearms       | 5 |  5.0
Dodging        | 5 |  5.0
Charms         | |  5.7

Action                   |  1- 3 |  4- 6 || total
-------------------------+-------+-------++-------
Melee: Spear             |   124 |   259 ||   383
       Bite              |    11 |    19 ||    30
       Punch             |       |     1 ||     1
 Cast: Infusion          |     1 |     1 ||     2
       Spectral Weapon   |       |     2 ||     2
  Use: Potion            |     1 |     4 ||     5
 Stab: Sleeping          |     1 |       ||     1
  Eat: Chunk             |     1 |     7 ||     8
       Ration            |       |     1 ||     1
Armor: Leather armour    |    14 |       ||    14
       Scale mail        |    19 |    68 ||    87
       Skin              |       |     2 ||     2
Dodge: Dodged            |    84 |   134 ||   218
